Cogmind - Beta 14 @@@ ROGUE MODE // 2024.08.13 @ 21:23:48 Player: OctagonalPrism Result: Destroyed by X-57 Shotgunner with High-powered Shotgun Performance ------------- Evolutions (3) 1500 Regions Visited (8) 1600 Robots Destroyed (57) 285 Value Destroyed (1642) 1642 Prototype IDs (8) 160 Alien Tech Used (0) 0 Bonus (0) 0 TOTAL SCORE: 5187 Bonus ------- None Cogmind --------- Core Integrity 0/700 Matter 289/300 Energy 100/100 System Corruption 8% Temperature Cool (0) Movement Walking (120) Location -7/Factory Parts ------- > --- POWER (1) -------- (None) > --- PROPULSION (4) --- Carbon-fiber Leg > --- UTILITY (6) ------ Improved Heat Sink Machine Analyzer Advanced Targeting Computer > --- WEAPON (2) ------- (None) > --- INVENTORY (5) ---- Improved Deuterium Engine Advanced ECM Suite Peak State ------------ > --- POWER ------------ Enhanced Nuclear Core > --- PROPULSION ------- Improved Titanium Leg Improved Titanium Leg Improved Titanium Leg Improved Titanium Leg > --- UTILITY ---------- Improved Heat Sink Machine Analyzer Advanced Targeting Computer Kinecellerator Improved Medium Armor Plating > --- WEAPON ----------- Heavy Laser Gauss Cannon > --- INVENTORY -------- Improved Airjet Advanced ECM Suite Shock Bomb Launcher Maul [Rating: 47] Favorites ----------- Power Enhanced Nuclear Core Engine Light Ion Engine Power Core Enhanced Nuclear Core Propulsion Light Treads Treads Light Treads Leg Improved Titanium Leg Hover Unit Airjet Flight Unit Flight Unit Utility Machine Analyzer Device Structural Scanner Processor Machine Analyzer Hackware Hacking Suite Protection Improved Medium Armor Plating Weapon Light Assault Rifle Energy Gun Heavy Laser Energy Cannon Heavy Particle Cannon Ballistic Gun Light Assault Rifle Ballistic Cannon Gauss Cannon Launcher Grenade Launcher Impact Weapon Maul Slashing Weapon Mining Claw Build | -11 -10 -10 -10 -9 -8 -7 -7 -7 ------- Run | Yrd Mat Min Exi Min Mat Fac Was Fac Slots Evolved 6 | . . . . . 4 2 . . Power . | . . . . . . . . . Propulsion 2 | . . . . . . 2 . . Utility 4 | . . . . . 4 . . . Weapon . | . . . . . . . . . Parts Attached 69 | 5 5 2 . 3 18 5 2 29 Power 11 | 1 2 1 . 1 3 . . 3 Engine 6 | 1 2 1 . 1 1 . . . Core 5 | . . . . . 2 . . 3 Reactor . | . . . . . . . . . Propulsion 21 | 2 2 . . . 4 4 . 9 Treads 6 | 2 2 . . . 1 . . 1 Leg 7 | . . . . . . . . 7 Wheel . | . . . . . . . . . Hover 7 | . . . . . 2 4 . 1 Flight 1 | . . . . . 1 . . . Utility 14 | . 1 1 . . 3 . 1 8 Device 7 | . . 1 . . . . 1 5 Storage . | . . . . . . . . . Processor 3 | . . . . . 2 . . 1 Hackware 1 | . 1 . . . . . . . Protection 3 | . . . . . 1 . . 2 Artifact . | . . . . . . . . . Weapon 23 | 2 . . . 2 8 1 1 9 Energy Gun 8 | . . . . . 2 . 1 5 Energy Cannon 1 | . . . . . . . . 1 Ballistic Gun 8 | 2 . . . 2 4 . . . Ballistic Cannon 1 | . . . . . . . . 1 Launcher 2 | . . . . . 2 . . . Special Weapon . | . . . . . . . . . Impact Weapon 2 | . . . . . . . . 2 Slashing Weapon 1 | . . . . . . 1 . . Piercing Weapon . | . . . . . . . . . Special Melee Weapon . | . . . . . . . . . Unidentified Prototypes 3 | . . . . . 1 . . 2 Corrupted Parts 1 | . . . . . . . . 1 System Corruption 4 | . . . . . . . . 4 Parts Lost 40 | . 2 1 . 1 14 6 . 16 Power 8 | . 2 1 . . 3 . . 2 Propulsion 11 | . . . . 1 2 4 . 4 Utility 9 | . . . . . 3 1 . 5 Weapon 12 | . . . . . 6 1 . 5 Highest Loss Streak 10 | . 1 1 . 1 10 5 . 9 To Critical Strikes . | . . . . . . . . . Average Slot Usage (%) 69 | . 77 83 85 82 61 25 11 72 Engine 1 | . 9 2 . 8 . . . . Core 3 | . . . . . 6 . . 5 Treads 12 | . 28 28 28 17 5 . . 2 Leg 6 | . . . . . . . . 17 Hover 1 | . . . . . 6 6 . . Device 9 | . . 9 14 14 7 . 2 14 Processor 7 | . . . . . 10 11 7 14 Hackware 5 | . 11 14 14 14 3 . . . Protection 1 | . . . . . 3 . . 2 Energy Gun 2 | . . . . . 1 2 . 5 Ballistic Gun 12 | . 28 28 28 28 13 . . . Impact Weapon 1 | . . . . . . . . 3 Peak Build Rating 47 | 5 8 9 8 8 22 15 21 47 Average Rating 18 | 3 7 7 8 7 14 8 7 34 On Entrance 5 | . 5 7 8 8 8 10 3 4 Naked Turns . | . . . . . . . . . Heaviest Build 31 | 5 7 6 3 6 15 3 15 31 Greatest Support 60 | 40 40 40 40 40 20 14 3 60 Greatest Overweight (x) 4 | . . . . . 3 . 4 2 Average Overweight (x) . | . . . . . . . . . Largest Inventory Capacity 5 | 5 5 5 5 5 5 5 5 5 Average Capacity 5 | 5 5 5 5 5 5 5 5 5 Most Carried 5 | 1 4 2 1 3 4 2 4 5 Average Carried 2 | . 2 1 1 1 1 1 2 3 Final Capacity 5 | 5 5 5 5 5 5 5 5 5 Final Carried 4 | 1 2 1 1 1 1 2 4 2 Class Distribution -------------------- 77% | Mutant 22% | Scavenger-Mutant Dominant Class ---------------- Mutant | -10/Materials Mutant | -10/Mines Mutant | -10/Exiles Scavenger-Mutant | -9/Mines Scavenger-Mutant | -8/Materials Mutant | -7/Factory Mutant | -7/Waste Mutant | -7/Factory Resources | -11 -10 -10 -10 -9 -8 -7 -7 -7 ----------- Run | Yrd Mat Min Exi Min Mat Fac Was Fac Matter Collected 1254 | 222 180 43 . 39 266 91 . 413 Remotely . | . . . . . . . . . Salvage Created 1802 | . 404 100 . 48 527 24 . 699 Parts 113 | . 29 8 . 6 31 4 . 35 Haulers Intercepted 3 | . 1 . . . 1 . . 1 Recyclers Shooed 1 | . . . . . 1 . . . Parts Field Recycled . | . . . . . . . . . Retrieved Matter . | . . . . . . . . . Parts Self-Destructed . | . . . . . . . . . Prevented . | . . . . . . . . . Kills | -11 -10 -10 -10 -9 -8 -7 -7 -7 ------- Run | Yrd Mat Min Exi Min Mat Fac Was Fac Combat Hostiles Destroyed 41 | . 9 2 . 3 13 . . 14 Melee 2 | . . . . . . . . 2 Guns 22 | . 9 2 . 3 6 . . 2 Cannons 7 | . . . . . . . . 7 AOE 7 | . . . . . 7 . . . Classes Destroyed 14 | . 5 1 . . 4 . . 4 Worker 2 | . . 1 . . 1 . . . Builder 3 | . . . . . . . . 3 Tunneler 1 | . . . . . 1 . . . Hauler 3 | . 1 . . . 1 . . 1 Recycler 1 | . . . . . 1 . . . Operator 4 | . 2 . . . . 1 . 1 Watcher 2 | . 1 . . . 1 . . . Swarmer 12 | . 3 . . 3 6 . . . Grunt 20 | . 6 2 . . 5 . . 7 Brawler 1 | . . . . . 1 . . . Duelist 1 | . . . . . . . . 1 Sentry 3 | . . . . . . . . 3 Hunter 2 | . . . . . 1 . . 1 Programmer 2 | . . . . . . . . 2 Best Kill Streak 4 | . 3 2 . 3 4 1 . 4 Combat Bots Only 4 | . 3 2 . 3 3 . . 4 Max Kills in Single Turn 3 | . 1 1 . 1 3 1 . 1 Gunslinging . | . . . . . . . . . Exploded 2 | . . . . . 2 . . . Melee 1 | . . . . . . . . 1 Uniques/NPCs Destroyed . | . . . . . . . . . Combat | -11 -10 -10 -10 -9 -8 -7 -7 -7 -------- Run | Yrd Mat Min Exi Min Mat Fac Was Fac Hostile Shots Fired 547 | . 57 18 . 10 124 71 . 267 Missed 175 | . 21 9 . . 28 30 . 87 Damage Taken 4995 | . 449 118 . 79 1419 593 . 2337 Core 1254 | . 70 15 . . 467 389 . 313 Absorbed by Shields . | . . . . . . . . . Regen/Repaired (Parts) 86 | . . . . . 86 . . . Core Remaining (%) 60 | 100 . . . 66 15 . . . Volleys Fired 165 | . 53 14 . 8 45 13 . 32 Largest 2 | . 2 2 . 2 2 1 . 2 Hottest 140 | . 40 40 . 40 126 63 . 140 Shots Fired 291 | . 106 28 . 16 80 13 . 48 Gun 253 | . 106 28 . 16 73 13 . 17 Cannon 31 | . . . . . . . . 31 Launcher 7 | . . . . . 7 . . . Special . | . . . . . . . . . Kinetic 233 | . 106 28 . 16 60 . . 23 Thermal 41 | . . . . . 13 13 . 15 Explosive 7 | . . . . . 7 . . . Electromagnetic 10 | . . . . . . . . 10 Robot Hit Streak 13 | . 7 11 . 3 13 6 . 11 Robot Miss Streak 5 | . 3 2 . 2 3 5 . 2 Penetration Max . | . . . . . . . . . Secondary Targets 3 | . 2 . . . 1 . . . Max Gunslinging Chain 1 | . 1 . . . 1 . . . Shots Hit Robots 218 | . 69 22 . 7 51 8 . 61 Core Hits 109 | . 32 9 . 4 39 3 . 22 Critical Kills 1 | . . . . . . . . 1 Critical Parts Destroyed 4 | . . . . . . . . 4 Critical Strikes 7 | . . . . . . . . 7 Blast 2 | . . . . . . . . 2 Smash 5 | . . . . . . . . 5 Melee Attacks 44 | . . . . . . 7 . 37 Impact 37 | . . . . . . . . 37 Slashing 7 | . . . . . . 7 . . Piercing . | . . . . . . . . . Sneak Attacks 3 | . . . . . . . . 3 Combat Hostiles . | . . . . . . . . . Follow-up Attacks . | . . . . . . . . . Damage Inflicted 4511 | . 550 171 . 56 1474 135 . 2125 Guns 1908 | . 550 171 . 56 741 135 . 255 Cannons 687 | . . . . . . . . 687 Explosions 853 | . . . . . 733 . . 120 Melee 1063 | . . . . . . . . 1063 Ramming . | . . . . . . . . . Kinetic 1903 | . 550 171 . 56 570 . . 556 Thermal 644 | . . . . . 171 135 . 338 Explosive 733 | . . . . . 733 . . . Electromagnetic 168 | . . . . . . . . 168 Impact 1063 | . . . . . . . . 1063 Slashing . | . . . . . . . . . Piercing . | . . . . . . . . . Highest Corruption 8 | . . . . . . . . 8 Average Corruption 2 | . . . . . . . . 2 Corruption Purged 2 | . . . . . . . . 2 Corruption Blocked . | . . . . . . . . . Effects 4 | . . . . . . . . 4 Message Errors 1 | . . . . . . . . 1 Matter Fused 2 | . . . . . . . . 2 Energy Discharges 1 | . . . . . . . . 1 Overload Shots . | . . . . . . . . . Overflow Damage 404 | . . . . . 12 . . 392 Projectiles . | . . . . . . . . . Explosions 55 | . . . . . 12 . . 43 Melee 349 | . . . . . . . . 349 Knockbacks 14 | . . . . . . . . 14 Impact 5 | . . . . . . . . 5 Kinetic 8 | . . . . . . . . 8 Secondary 1 | . . . . . . . . 1 Self-Inflicted Damage 141 | . . . . . 89 . . 52 Shots 4 | . . . . . 3 . . 1 Rammed . | . . . . . . . . . Targets Rammed . | . . . . . . . . . Kicked . | . . . . . . . . . Crushed . | . . . . . . . . . Highest Temperature 226 | . 36 12 . . 226 29 . 216 Average Temperature 46 | . 14 7 . . 49 17 . 79 Received Heat Transfer 1641 | . 240 69 . . 468 189 . 675 Siege Activations . | . . . . . . . . . Robots Corrupted 6 | . . . . . . . . 6 Combat Hostiles 3 | . . . . . . . . 3 Parts Fried 7 | . . . . . . . . 7 Impact Corruptions 17 | . . . . . . . . 17 Robots Melted . | . . . . . . . . . Combat Hostiles . | . . . . . . . . . Parts Melted . | . . . . . . . . . Heat Transferred 1186 | . . . . . 370 296 . 520 Parts Sabotaged . | . . . . . . . . . Parts Stolen . | . . . . . . . . . Parts Stripped . | . . . . . . . . . Power Chain Reactions 1 | . . . . . . . . 1 Alert | -11 -10 -10 -10 -9 -8 -7 -7 -7 ------- Run | Yrd Mat Min Exi Min Mat Fac Was Fac Peak Influence 373 | . 227 66 . 60 266 373 132 212 Initial 127 | . . 21 . . 23 79 127 92 Average 107 | . 83 35 . 43 92 207 121 121 Maximum Alert Level 1 | . 1 . . . 1 1 . 1 Low Security (%) 84 | 100 89 100 . 100 85 49 100 84 Level 1 15 | . 10 . . . 14 50 . 15 Level 2 . | . . . . . . . . . Level 3 . | . . . . . . . . . Level 4 . | . . . . . . . . . Level 5 . | . . . . . . . . . High Security . | . . . . . . . . . Max Security . | . . . . . . . . . Squads Dispatched 16 | . 1 . . . 3 5 . 7 Investigation 8 | . . . . . 2 3 . 3 Extermination 2 | . . . . . . . . 2 Reinforcement 5 | . 1 . . . 1 1 . 2 Assault . | . . . . . . . . . Garrison 1 | . . . . . . 1 . . Intercept . | . . . . . . . . . Searches Triggered . | . . . . . . . . . Construction Impeded . | . . . . . . . . . Haulers Reinforced . | . . . . . . . . . Active Scanning Responses . | . . . . . . . . . Cargo Convoy Interrupts 1 | . . . . . . . . 1 Stealth | -11 -10 -10 -10 -9 -8 -7 -7 -7 --------- Run | Yrd Mat Min Exi Min Mat Fac Was Fac Distress Signals 8 | . 1 . . . 4 . . 3 Communications Jammed . | . . . . . . . . . Distress Signals . | . . . . . . . . . Times Spotted 91 | . 21 2 . 3 27 12 6 20 Peak Tracking Total 9 | . 6 2 . 3 9 5 6 5 Tactical Retreats 5 | . . . . . 1 2 1 1 Traps | -11 -10 -10 -10 -9 -8 -7 -7 -7 ------- Run | Yrd Mat Min Exi Min Mat Fac Was Fac Traps Triggered 6 | . . . . . 1 1 . 4 Indirectly . | . . . . . . . . . Trap Hack Attempts . | . . . . . . . . . Triggered . | . . . . . . . . . Disarmed . | . . . . . . . . . Reprogrammed . | . . . . . . . . . Reused . | . . . . . . . . . Traps Extracted . | . . . . . . . . . Installed . | . . . . . . . . . Triggered 3 | . . . . . . . . 3 Machines | -11 -10 -10 -10 -9 -8 -7 -7 -7 ---------- Run | Yrd Mat Min Exi Min Mat Fac Was Fac Machines Disabled 2 | . . . . . 1 . . 1 Max in Single Turn 1 | . . . . . 1 . . 1 Garrison Access 2 | . . . . . . 1 . 1 Machines Repaired . | . . . . . . . . . Machines Dismantled . | . . . . . . . . . Machines Sabotaged . | . . . . . . . . . Overloaded Fab Kills . | . . . . . . . . . Hacking | -11 -10 -10 -10 -9 -8 -7 -7 -7 --------- Run | Yrd Mat Min Exi Min Mat Fac Was Fac Machines Accessed 27 | . 1 . 4 . 6 5 . 11 Terminals 17 | . 1 . . . 5 2 . 9 Fabricators . | . . . . . . . . . Repair Stations 1 | . . . . . 1 . . . Recycling Units . | . . . . . . . . . Scanalyzers 2 | . . . . . . 1 . 1 Garrison Access 3 | . . . . . . 2 . 1 Total Hacks 72 | . 5 . 4 . 15 17 . 31 Successful 40 | . 1 . 4 . 8 8 . 19 Failed 32 | . 4 . . . 7 9 . 12 Catastrophic 2 | . 1 . . . 1 . . . Database Lockouts . | . . . . . . . . . Manual 30 | . . . . . 8 11 . 11 Terminals 56 | . 5 . . . 13 12 . 26 Fabricators . | . . . . . . . . . Repair Stations 2 | . . . . . 2 . . . Recycling Units . | . . . . . . . . . Scanalyzers 6 | . . . . . . 2 . 4 Garrison Access 4 | . . . . . . 3 . 1 Terminal Hacks 19 | . 1 . 4 . 2 1 . 11 Record 4 | . . . 4 . . . . . Part Schematic 1 | . . . . . . . . 1 Robot Analysis 1 | . 1 . . . . . . . Prototype ID Bank 3 | . . . . . 1 . . 2 Emergency Access Points 2 | . . . . . . . . 2 Terminal Index 1 | . . . . . . . . 1 Fabricator Index 1 | . . . . . . . . 1 Repair Station Index 1 | . . . . . . . . 1 Locate Traps 3 | . . . . . . 1 . 2 Registered Components 1 | . . . . . 1 . . . Zone Layout 1 | . . . . . . . . 1 Fabricator Hacks . | . . . . . . . . . Repair Station Hacks 2 | . . . . . 2 . . . Scan Component 1 | . . . . . 1 . . . Repair 1 | . . . . . 1 . . . Recycling Unit Hacks . | . . . . . . . . . Scanalyzer 5 | . . . . . . 2 . 3 Insert Component 3 | . . . . . . 1 . 2 Analyze 2 | . . . . . . 1 . 1 Garrison Access Hacks 1 | . . . . . . . . 1 Seal Access 1 | . . . . . . . . 1 Unauthorized Hacks 13 | . . . . . 4 5 . 4 Terminals 12 | . . . . . 4 4 . 4 Track 2 | . . . . . 1 1 . . Botnet 7 | . . . . . 2 2 . 3 Operators 3 | . . . . . 1 1 . 1 Fabricators . | . . . . . . . . . Repair Stations . | . . . . . . . . . Recycling Units . | . . . . . . . . . Scanalyzers . | . . . . . . . . . Garrison Access 1 | . . . . . . 1 . . Jam 1 | . . . . . . 1 . . Data Cores Recovered . | . . . . . . . . . Used . | . . . . . . . . . Hacking Detections 18 | . 1 . . . 5 3 . 9 Full Trace Events 8 | . 1 . . . 2 2 . 3 Feedback Events . | . . . . . . . . . Feedback Blocked . | . . . . . . . . . Robot Schematics Acquired . | . . . . . . . . . Robots Built . | . . . . . . . . . Authchips . | . . . . . . . . . Time . | . . . . . . . . . Total Robot Build Rating . | . . . . . . . . . Part Schematics Acquired 3 | . . . . . . 1 . 2 Parts Built . | . . . . . . . . . Authchips . | . . . . . . . . . Time . | . . . . . . . . . Total Part Build Rating . | . . . . . . . . . Parts Repaired 1 | . . . . . 1 . . . Time 26 | . . . . . 26 . . . Parts Recycled . | . . . . . . . . . Recycled Matter . | . . . . . . . . . Retrieved Matter . | . . . . . . . . . Retrieved Components . | . . . . . . . . . Parts Scanalyzed 2 | . . . . . . 1 . 1 Part Schematics Acquired 2 | . . . . . . 1 . 1 Parts Damaged 1 | . . . . . . . . 1 Bothacking | -11 -10 -10 -10 -9 -8 -7 -7 -7 ------------ Run | Yrd Mat Min Exi Min Mat Fac Was Fac Used RIF Installer . | . . . . . . . . . Robots Hacked . | . . . . . . . . . Non-combat . | . . . . . . . . . Combat . | . . . . . . . . . Robot Hacks Applied . | . . . . . . . . . Relay Couplers Released . | . . . . . . . . . Fabnet Peak Effective % . | . . . . . . . . . Robots Rewired . | . . . . . . . . . Allies Hacked . | . . . . . . . . . Hacks Repelled . | . . . . . . . . . Allies | -11 -10 -10 -10 -9 -8 -7 -7 -7 -------- Run | Yrd Mat Min Exi Min Mat Fac Was Fac Total Allies . | . . . . . . . . . Largest Group . | . . . . . . . . . Highest-Rated Group . | . . . . . . . . . Highest-Rated Ally . | . . . . . . . . . Total Orders 2 | . . . . . . . 2 . EXPLORE 2 | . . . . . . . 2 . Ally Attacks . | . . . . . . . . . Total Damage . | . . . . . . . . . Kills . | . . . . . . . . . Allies Corrupted . | . . . . . . . . . Allies Melted . | . . . . . . . . . Intel | -11 -10 -10 -10 -9 -8 -7 -7 -7 ------- Run | Yrd Mat Min Exi Min Mat Fac Was Fac Robot Analysis Total 1 | . 1 . . . . . . . Derelict Logs Recovered . | . . . . . . . . . Drone Launches 2 | . . . . . . . 2 . Drone Recoveries 1 | . . . . . . . 1 . Exploration | -11 -10 -10 -10 -9 -8 -7 -7 -7 ------------- Run | Yrd Mat Min Exi Min Mat Fac Was Fac Turns Passed 3632 | 57 484 107 596 188 576 264 81 1279 Spaces Moved 2430 | 44 203 42 373 101 418 384 111 754 Core 450 | 19 . . . . 75 206 111 39 Treads 1180 | 25 203 42 373 101 167 . . 269 Legs 446 | . . . . . . . . 446 Wheels . | . . . . . . . . . Hover 282 | . . . . . 133 149 . . Flight 72 | . . . . . 43 29 . . Fastest Speed 40 | 50 160 160 160 160 40 40 50 50 Average Speed 117 | 112 160 160 160 160 95 52 63 131 Slowest Speed 250 | 160 160 160 160 160 200 60 250 200 Overloaded Moves . | . . . . . . . . . Propulsion Burnouts . | . . . . . . . . . Robots Hopped 5 | . . . . . 4 1 . . Cave-ins Triggered . | . . . . . . . . . Exploration Rate (%) 33 | 4 36 12 66 23 42 13 85 21 Regions Visited 8 Branch Regions 3 Pre-discovered Areas . | . . . . . . . . . Known Exits Taken 1 | . . . . . 1 . . . Unknown Exits Taken 5 | 1 1 1 1 1 . . . . Scrap Searched 1 | . . . . 1 . . . . Spaces Dug 3 | . . . . . . . . 3 Terrain Destroyed 41 | . . . . . 33 . . 8 Melee 3 | . . . . . . . . 3 Projectile 2 | . . . . . . . . 2 AOE 36 | . . . . . 33 . . 3 Terrain Rammed . | . . . . . . . . . Walls Destroyed . | . . . . . . . . . Machines Disabled . | . . . . . . . . . Actions | -11 -10 -10 -10 -9 -8 -7 -7 -7 --------- Run | Yrd Mat Min Exi Min Mat Fac Was Fac Total 2842 | 49 278 59 372 114 518 419 120 913 Wait 107 | . 12 2 . 1 34 7 5 46 Move 2413 | 43 202 41 372 100 409 382 110 754 Hop 5 | . . . . . 4 1 . . Pick Up 16 | 1 3 . . . 2 2 1 7 Fast Attach 46 | 5 . 1 . 1 13 3 2 21 Attach 12 | . 2 1 . . 2 2 . 5 Detach 6 | . . . . . 2 1 1 2 Swap 11 | . 3 . . 2 3 . . 3 Drop 17 | . 3 . . 2 4 1 1 6 Fire 165 | . 53 14 . 8 45 13 . 32 Melee 44 | . . . . . . 7 . 37 Ram . | . . . . . . . . . Kick . | . . . . . . . . . Crush . | . . . . . . . . . Escape Stasis . | . . . . . . . . . Rewire . | . . . . . . . . . Trap . | . . . . . . . . . Miscellaneous . | . . . . . . . . . Route ------- -11/Scrapyard -10/Materials -10/Mines -10/Exiles (discovered 2 exits: [*Min x2]) -9/Mines -8/Materials -7/Factory -7/Waste -7/Factory History --------- Turn | Location | Event 5 | -11/Scrapyard | Discovered new exit (range 15) 58 | -11/Scrapyard | Entered Materials 318 | -10/Materials | Build established: Mutant 454 | -10/Materials | Discovered new exit (range 14) 542 | -10/Materials | Entered Mines 643 | -10/Mines | Deemed a non-threat by the Exiles lab entrance 643 | -10/Mines | Discovered new exit (range 5) 649 | -10/Mines | Entered Exiles 649 | -10/Exiles | Found Exiles lab abandoned 1042 | -10/Exiles | Discovered new exit (range 10) 1227 | -10/Exiles | Discovered new exit (range 14) 1245 | -10/Exiles | Entered Mines 1418 | -9/Mines | Discovered new exit (range 12) 1433 | -9/Mines | Entered Materials 1433 | -8/Materials | Evolved 4 slots: Utility x4 1524 | -8/Materials | Repaired Lgt. Treads 1816 | -8/Materials | Build established: Scavenger-Mutant 1826 | -8/Materials | Discovered new exit (range 9) 1923 | -8/Materials | Core integrity fell below 50% 1963 | -8/Materials | Lost 10 parts (1p2n2u5w) 1988 | -8/Materials | Core integrity fell below 20% 2008 | -8/Materials | Identified exit to Factory 2009 | -8/Materials | Entered Factory 2009 | -7/Factory | Evolved 2 slots: Propulsion x2 2020 | -7/Factory | Garrison activated, responded to threat 2174 | -7/Factory | Lost 5 parts (3n1u1w) 2188 | -7/Factory | Build established: Mutant 2269 | -7/Factory | Core integrity fell below 50% 2273 | -7/Factory | Sucked down chute 2273 | -7/Factory | Entered Waste 2277 | -7/Waste | Spotted C-40 Crusher 2284 | -7/Waste | Spotted C-40 Crusher 2313 | -7/Waste | Spotted C-40 Crusher 2313 | -7/Waste | Spotted C-40 Crusher 2314 | -7/Waste | Spotted C-40 Crusher 2344 | -7/Waste | Spotted C-40 Crusher 2345 | -7/Waste | Discovered new exit (range 11) 2354 | -7/Waste | Entered Factory 3008 | -7/Factory | Lost 5 parts (3u2w) 3249 | -7/Factory | Cargo convoy interrupted 3436 | -7/Factory | Core integrity fell below 20% 3633 | -7/Factory | Destroyed by X-57 Shotgunner with High-powered Shotgun Last Messages --------------- L-41 Fighter system corrupted by crushing effect. L-41 Fighter system terminally corrupted. Imp. Melee Analysis Suite fried. System corrupted: Matter fused (-6). Imp. Titanium Leg destroyed. Recycling Unit disabled. Enh. Nuclear Core destroyed. Slug penetrates Wall. Construction Platform disabled. Knocked back. Acquired Corrupted Carbon-fiber Leg. Integrated Corrupted Carbon-fiber Leg (+4). Complication: System interference. Adv. Targeting Computer temporarily disabled. Machine Analyzer temporarily disabled. System corrupted: Matter fused (-5). U-05 Engineer builds a Wall. Lightning Gun destroyed. Maul destroyed. U-05 Engineer builds a Wall. Map ----- +----------------------------------------------------+ | #???????????????????????????????????? | | ##########+#######???????????????????????????????? | | ????# #???????????????????????????????? | | ????# """"" ! #???????????????????????????????? | | ????# """"" ########+#??????????????????????? | | ????# """ + #??????????????????????? | | ????# ###### #??????????????????????? | | ????##############????# #######/### ???????????? | | ?????# #???????# ??????????? | | ?????# """ #???????# ??????????? | | ?????# """ #???????# ??????????? | | ?????# """ #???????# """" """"?????????? | | ?????# #??????## """"?""""?????????? | | ?????# """ #??????# """"?""""?????????? | | ?????# G" #??????# """" """"?????????? | | ?????# """ #??????# """" """"???? ????? | | ##+??# ! #??????# """" """" ????? | | #######/########### ! " " """" """" ???? | | % "Y" ???? | | "" ??? | | !!! ??? | | !!! #??????? | | !!! H ############/#????????? | | #############u####????????????????????? | | """ """ ######### =g%x #?????????""""???????? | | """ """ # [ # """@ #?????????""""???????? | | """ """ + #x"""" #?????????""""???????? | | # # """"% #?????????""""???????? | | ##+###### """" #?????????""""???????? | | ########## +%"""" =#?????????""""???????? | | ?????????########### """" #????????????????????? | | ???????????????????# """" #????????????????????? | | ???????????????????# #????????????????????? | | ???????????????????##########????????????????????? | | ?????????????????????????????????????????????????? | | | | | | | | | | | | | | | | | | | | | | | | | | | | | | | +----------------------------------------------------+ Best States ------------- Heat Dissipation 62 Energy Generation 17 Energy Capacity 300 Matter Stores 300 Matter Capacity 300 Sight Range 16 Terrain Scan Density 10 Armor Coverage 225 Evasion (%) 62 Targeting Accuracy 8 Recoil Reduction 2 Kinecelleration 30 Offensive Hacking 10 Item Schematics ----------------- Airjet | -7/Factory | Scanalyzed Hpw. Shock Rifle | -7/Factory | Hacked Shock Bomb Launcher | -7/Factory | Scanalyzed Robot Schematics ------------------ None Fabricated ------------ Nothing Alien Tech Used ----------------- None Achievements -------------- None Challenges ------------ None Game ------ Seed TransmissionDeepCorpse Manual? 0 Play Time 00:37:34 Cumulative 70.9 hours Start 2024.08.13 @ 20:46:36 End 2024.08.13 @ 21:23:48 Sessions 1 Manual Loads 0 Difficulty Rogue Special Mode None Game No. 67 Rogue 67 Adventurer 0 Explorer 0 Win Type - Total 0 Types 0/0/0/0/0/0/0/0/0 Lore% 23 Gallery% 45 Achievement% 34 Wizard Run 0 Options --------- Layout 2 ASCII 0 Keyboard 0 Movement Arrows Keybinds 0 Fullscreen 1 Font 16/Terminus Map View 55x47 Zoom Use 0% Tactical HUD 0 Map Filters NONE Filters NONE Steam 1 RUN: fad0bb3d-e243-422f-a996-6b005b200a79